 Dungeon Crawl Stone Soup version 0.27.1 (webtiles) character file.

Game seed: 6157337387226983462

1734 Naeght the Spear-Bearer (level 9, 0/71 HPs)
             Began as a Merfolk Gladiator on Aug 27, 2021.
             Slain by a slime creature (19 damage)
             ... on level 5 of the Dungeon.
             The game lasted 00:11:43 (9470 turns).

Naeght the Spear-Bearer (Merfolk Gladiator)         Turns: 9470, Time: 00:11:43

Health: 0/71       AC:  5    Str: 17    XL:     9   Next: 5%
Magic:  9/9        EV: 15    Int:  8    God:
Gold:   372        SH:  0    Dex: 15    Spells: 8/8 levels left

rFire    . . .     SeeInvis .   a - +0 trident
rCold    . . .     Faith    .   (no shield)
rNeg     . . .     Spirit   .   b - +0 leather armour
rPois    .         Reflect  .   c - +0 helmet
rElec    .         Harm     .   u - +0 cloak
rCorr    +         Rampage  .   (no gloves)
Will     .....                  (no boots)
Stlth    +.........             (no amulet)
HPRegen  0.21/turn              r - ring of resist corrosion
MPRegen  0.11/turn              (no ring)

@: no status effects
A: (nimble swimmer 2), mertail
a: no special abilities


You were on level 5 of the Dungeon.
You visited 1 branch of the dungeon, and saw 5 of its levels.
You also visited: Ossuary.

You collected 411 gold pieces.
You spent 39 gold pieces at shops.

Inventory:

Hand Weapons
 a - a +0 trident (weapon)
Missiles
 d - a throwing net (quivered)
Armour
 b - a +0 leather armour (worn)
 c - a +0 helmet (worn)
 u - a +0 cloak (worn)
Jewellery
 r - a ring of resist corrosion (left hand)
Wands
 g - a wand of iceblast (10)
Scrolls
 f - 2 scrolls of vulnerability {unknown}
 h - 2 scrolls of fog {unknown}
 i - a scroll of fear {unknown}
 j - 3 scrolls of immolation
 k - 2 scrolls of amnesia
 l - a scroll of magic mapping {unknown}
 o - 2 scrolls of silence
 s - a scroll of holy word
 v - 3 scrolls of teleportation {unknown}
 w - 2 scrolls of blinking
 x - 2 scrolls of enchant armour
 y - a scroll of summoning {unknown}
 A - a scroll of identify
Potions
 e - 5 potions of curing {unknown}
 m - 2 potions of lignification
 n - a potion of cancellation
 p - a potion of heal wounds {unknown}
 q - a potion of attraction {unknown}
 t - a potion of flight {unknown}
 z - 2 potions of haste {unknown}
 B - a potion of ambrosia {unknown}


   Skills:
 + Level 6.5 Fighting
 * Level 11.9 Polearms
 - Level 2.0 Throwing
 + Level 8.4 Dodging


You had 8 spell levels left.
You didn't know any spells.
Your spell library contained the following spells:

 Spells                   Type           Power      Damage    Failure   Level
 Corpse Rot               Necr/Air       N/A        N/A       63%         2
 Passwall                 Tmut/Erth      0%         N/A       63%         2
 Poisonous Vapours        Pois/Air       0%         N/A       63%         2
 Swiftness                Air            0%         N/A       85%         3
 Animate Dead             Necr           0%         N/A       99%         4
 Borgnjor's Vile Clutch   Necr/Erth      0%         N/A       100%        5
 Freezing Cloud           Conj/Ice/Air   0%         6-21      100%        5
 Death Channel            Necr           0%         N/A       100%        6
 Invisibility             Hex            0%         N/A       100%        6


Dungeon Overview and Level Annotations

Branches:
Dungeon (5/15)            Ossuary (visited)
 Temple: D:4-7

Altars:
Ashenzari
Dithmenos
Hepliaklqana
Nemelex Xobeh
Sif Muna
Uskayaw
Xom
Yredelemnul

Shops:
D:2 *((([   D:3 *   D:5 :


Innate Abilities, Weirdness & Mutations

((You are quick and stealthy near water. (Stealth+, EV+, Speed+++)))
Your lower body shifts to a powerful aquatic tail in water.


Message History

You are too injured to fight recklessly!
You are too injured to fight recklessly!
You are too injured to fight recklessly!
You are too injured to fight recklessly!
You are too injured to fight recklessly!
You are too injured to fight recklessly!
You are too injured to fight recklessly!
You are too injured to fight recklessly!
You are too injured to fight recklessly!
You are too injured to fight recklessly!
You are too injured to fight recklessly!
You are too injured to fight recklessly!
You are too injured to fight recklessly!
You are too injured to fight recklessly!
You are too injured to fight recklessly!
You are too injured to fight recklessly!
You are too injured to fight recklessly!
You are too injured to fight recklessly!
You are too injured to fight recklessly!
You are too injured to fight recklessly!
You are too injured to fight recklessly!
You are too injured to fight recklessly!
You are too injured to fight recklessly!
You are too injured to fight recklessly!
You are too injured to fight recklessly!
You are too injured to fight recklessly!
You are too injured to fight recklessly!
You are too injured to fight recklessly!
You are too injured to fight recklessly!
You are too injured to fight recklessly!
You hit the slime creature.
The slime creature is moderately wounded.
The slime creature hits you!
* * * LOW HITPOINT WARNING * * *
You hit the slime creature.
The slime creature is moderately wounded.
You hit the slime creature.
The slime creature is moderately wounded.
The slime creature hits you!!
You die...

#.# #######...[.# #)......# #.#
####### ##.[(...# ####.#
########....... ##....#
##########......##.......
#...#####......##'......##.......
....#.##.......#.#÷.÷÷..##.#.....
..<............#.#......##.......
.....)'.(.....)#J#......###......
#...#.'......#.#@#......# #.###+#
#####.##.....#.#.#....÷.# #..##.#
#####....#.#.#..P...####.##.#
#######.##.÷...=##....#.# ###
#.##.#.. ###############.##.[..
###...............###...
#...†........###### #..#
#...#8..8#...# ##.#


You could see a slime creature.

Vanquished Creatures
  A slime creature (D:5)
  A water moccasin (D:3)
  An ogre (D:4)
  2 phantoms
  A kobold brigand (D:5)
  An elf zombie (Ossuary)
  2 bullfrogs
  3 scorpions
  A water moccasin skeleton (D:5)
  4 jellies (D:5)
  A centaur zombie (D:5)
  An orc priest (D:5)
  3 hounds
  A bullfrog skeleton (D:4)
  Crazy Yiuf (D:4)
  A centaur skeleton (D:4)
  Ijyb (D:3)
  An iguana (D:5)
  2 orc wizards (D:5)
  A hound zombie (D:5)
  3 mummies (Ossuary)
  A hound skeleton (D:5)
  4 adders
  A white imp (D:5)
  An adder zombie (Ossuary)
  4 worms
  15 dart slugs
  3 orcs
  8 ball pythons
  7 bats
  16 endoplasms
  3 giant cockroaches
  2 goblins (D:2)
  7 hobgoblins
  4 jackals (D:4)
  15 kobolds
  8 quokkas
  4 frilled lizards
  A goblin zombie (Ossuary)
  7 hobgoblin zombies (Ossuary)
  2 kobold zombies (Ossuary)
  A quokka skeleton (D:4)
  4 quokka zombies (Ossuary)
  10 rats
  2 rat zombies (Ossuary)
163 creatures vanquished.

Vanquished Creatures (others)
  5 fungi (D:5)
  13 toadstools (D:5)
18 creatures vanquished.

Grand Total: 181 creatures vanquished

Notes
Turn   | Place    | Note
-------+----------+-------------------------------------------
     0 | D:1      | Naeght the Merfolk Gladiator began the quest for the Orb.
     0 | D:1      | Reached XP level 1. HP: 16/16 MP: 1/1
   325 | D:1      | Reached XP level 2. HP: 12/23 MP: 2/2
   603 | D:1      | Reached skill level 5 in Polearms
   804 | D:1      | Reached XP level 3. HP: 28/28 MP: 3/3
   835 | D:1      | Found a faded altar of an unknown god.
  1163 | D:1      | Found a hide-covered altar of Uskayaw.
  1254 | D:2      | Found Ovuxen's Antique Weapon Shoppe.
  1732 | D:2      | Reached XP level 4. HP: 33/34 MP: 4/4
  1767 | D:2      | Found Denad's Assorted Antiques.
  2009 | D:2      | Reached skill level 6 in Polearms
  2164 | D:2      | Found Licipn's Antique Weapon Shop.
  2201 | D:2      | Found a broken altar of Ashenzari.
  2229 | D:2      | Found Gonenok's Armour Shop.
  2372 | D:2      | Found Zopnanuss's Weapon Emporium.
  3103 | D:3      | Reached skill level 5 in Dodging
  3128 | D:3      | Found Juumaur's General Store.
  3137 | D:3      | Bought a scroll of identify for 26 gold pieces
  3137 | D:3      | Bought a potion of degeneration for 13 gold pieces
  3342 | D:3      | Noticed Ijyb
  3379 | D:3      | Killed Ijyb
  3380 | D:3      | Reached XP level 5. HP: 34/41 MP: 5/5
  3540 | D:3      | Found a broken altar of Ashenzari.
  3849 | D:3      | Noticed a water moccasin
  3850 | D:3      | Found a shimmering blue altar of Sif Muna.
  3866 | D:3      | Killed a water moccasin
  3867 | D:3      | Reached skill level 7 in Polearms
  3867 | D:3      | Reached XP level 6. HP: 7/48 MP: 6/6
  4244 | D:3      | Found a basalt altar of Yredelemnul.
  4620 | D:4      | Found a hide-covered altar of Uskayaw.
  4620 | D:4      | Noticed a +0 hand axe
  4620 | D:4      | Noticed a +0 dagger
  4711 | D:4      | Reached skill level 8 in Polearms
  4825 | D:4      | Found a sand-covered staircase.
  4834 | Ossuary  | Entered an ossuary
  4851 | Ossuary  | Reached XP level 7. HP: 49/55 MP: 7/7
  5324 | D:4      | Found a shadowy altar of Dithmenos.
  5397 | D:4      | Reached skill level 9 in Polearms
  5834 | D:4      | Reached skill level 5 in Fighting
  6228 | D:4      | Found a runed translucent door.
  6229 | D:4      | Noticed Crazy Yiuf
  6555 | D:4      | Killed Crazy Yiuf
  6627 | D:5      | Entered Level 5 of the Dungeon
  6778 | D:5      | Found a shimmering altar of Xom.
  6778 | D:5      | Found a sparkling altar of Nemelex Xobeh.
  6804 | D:5      | Reached skill level 10 in Polearms
  6804 | D:5      | Reached XP level 8. HP: 55/62 MP: 8/8
  7096 | D:5      | Found a hazy altar of Hepliaklqana.
  7133 | D:5      | Found Udaaciza's Book Shop.
  8285 | D:5      | Reached skill level 11 in Polearms
  9050 | D:5      | Noticed a slime creature
  9050 | D:5      | Noticed a slime creature
  9377 | D:5      | Killed a slime creature
  9378 | D:5      | Reached XP level 9. HP: 20/71 MP: 9/9
  9470 | D:5      | Slain by a slime creature

Illustrated notes

Levels and vault maps discovered:
D:1:      dpeg_arrival_lava_altar, layout_loops_ring,
          hellmonk_ecumenical_altar_slurped_away
D:2:      layout_basic, serial_shops, shop_fountains, nicolae_square_shop,
          nicolae_shop_stone, shop, nicolae_lakefront_shop, basic_altar,
          minmay_fractal_squares_gapless_5
D:3:      kennysheep_slugbush, layout_basic, nicolae_overflow_crystal_walls,
          mainiacjoe_overflow_catwalk, evilmike_ruin_ashenzari, serial_shops,
          nicolae_shop_waterfront, uniq_ijyb
D:4:      layout_loops_corners, dancing_weapons_uskayaw,
          grunt_dithmenos_smoke_and_mirrors, nicolae_ossuary_entry_monument,
          uniq_crazy_yiuf_cottage
D:5:      cheibrodos_fertilizer, layout_basic, jmf_multi_god_temple,
          lemuel_tele_altar, serial_shops, shop_statue

Skill      XL: |  1  2  3  4  5  6  7  8 |
---------------+-------------------------+-----
Polearms       | 5 6 7 8 10 11 | 11.9
Fighting       | 3 4 5 6 |  6.5
Dodging        | 5 6 7 8 |  8.4
Throwing       | |  2.0

Action                   |  1- 3 |  4- 6 |  7- 9 || total
-------------------------+-------+-------+-------++-------
Melee: Trident           |   129 |   220 |   388 ||   737
Throw: Throwing net      |       |     3 |     1 ||     4
  Use: Scroll            |       |     2 |     7 ||     9
       Potion            |       |     1 |       ||     1
 Stab: Sleeping          |     2 |     4 |     3 ||     9
       Held in net/web   |       |     1 |     1 ||     2
       Distracted        |       |       |     1 ||     1
Armor: Leather armour    |    25 |    39 |    52 ||   116
       Skin              |       |    26 |       ||    26
Dodge: Dodged            |    67 |   112 |   199 ||   378
